 Dungeon Crawl Stone Soup version 0.31-a0-986-g5e6e4ef867 (webtiles) character file.

Game seed: 5742018565886845321

7305 LeprechaunX the Mimic (level 11, 0/67 HPs)
             Began as an Octopode Shapeshifter on Nov 20, 2023.
             Was a Priest of Hepliaklqana.
             Slain by a minotaur
             ... wielding a +2 scimitar of holy wrath
              (7 damage)
             ... in a Gauntlet.
             The game lasted 00:19:01 (9279 turns).

LeprechaunX the Mimic (Octopode Shapeshifter)       Turns: 9279, Time: 00:19:02

Health: 0/67       AC:  9    Str: 15    XL:     11   Next: 13%
Magic:  0/18       EV: 18    Int: 13    God:    Hepliaklqana [***...]
Gold:   472        SH:  5    Dex: 14    Spells: 20/20 levels left

rFire   . .          .
                       - Unarmed
rCold   . . .        z - +0 buckler
rNeg    . . .        (helmet currently unavailable)
rPois   .            o - amulet of guardian spirit
rElec   .            y - +5 ring of evasion
rCorr   .            I - +4 ring of protection
SInv    +            K - +4 ring of protection
Will    .....        L - ring of see invisible
Stlth   ++           (no ring)
HPRegen 0.31/turn    (no ring)
MPRegen 0.16/turn    (no ring)
                     (no ring)

%: no teleportation, guardian spirit
@: beast-form, hasted, invisible, very quick
A: beast (slay +4), reduced essence, almost no armour, amphibious, 8 rings,
camouflage 1, gelatinous body 1, (nimble swimmer 1), tentacles
a: Begin Untransformation, Renounce Religion, Recall Ancestor, Ancestor
Identity, Transference


You were in a Gauntlet.
You worshipped Hepliaklqana.
Hepliaklqana was most pleased with you.
You were a hulking beast.
You visited 2 branches of the dungeon, and saw 11 of its levels.
You also visited: Gauntlet.

You collected 472 gold pieces.

Inventory:

Hand Weapons
 a - a +0 sling
Missiles
 d - a boomerang (quivered)
 h - 4 throwing nets
Armour
 e - a +0 hat
 z - a +0 buckler (worn)
Jewellery
 o - an amulet of guardian spirit (around mantle)
 y - a +5 ring of evasion (left tentacle)
 I - a +4 ring of protection (right tentacle)
 K - a +4 ring of protection (on tentacle)
 L - a ring of see invisible (on tentacle)
 M - the ring "Qitupeni" {Drain rPois MP+9 Str-5 Int+9}
   (You found it in a Gauntlet)

   [ring of magical power]

   Str-5:     It affects your strength (-5).
   Int+9:     It affects your intelligence (+9).
   rPois:     It protects you from poison MP+9: It affects your magic capacity
   (+9).
   Drain:     It drains your maximum health when unequipped.
Talismans
 b - a beast talisman
 c - a flux talisman
Wands
 u - a wand of flame (45)
 A - a wand of paralysis (12)
 C - a wand of iceblast (7)
 G - a wand of acid (10)
 H - a wand of polymorph (9)
Scrolls
 f - 3 scrolls of amnesia
 j - 2 scrolls of poison {unknown}
 k - 3 scrolls of noise {unknown}
 q - 3 scrolls of fear
 s - 3 scrolls of vulnerability {unknown}
 t - a scroll of teleportation {unknown}
 v - a scroll of immolation {unknown}
 B - a scroll of revelation {unknown}
 D - a scroll of torment {unknown}
 E - a scroll of blinking {unknown}
Potions
 g - 2 potions of mutation
 i - 2 potions of brilliance
 l - a potion of haste
 m - a potion of invisibility
 n - 9 potions of curing
 p - 2 potions of enlightenment
 r - 2 potions of degeneration
 w - a potion of heal wounds {unknown}
 x - 4 potions of resistance
 F - a potion of ambrosia {unknown}
 J - a potion of attraction {unknown}


   Skills:
 + Level 7.1 Fighting
 - Level 3.0 Throwing
 - Level 2.0 Dodging
 + Level 4.6 Shields
 - Level 6.0 Unarmed Combat
 + Level 5.3 Spellcasting
 + Level 6.4 Evocations
 * Level 9.7 Shapeshifting


You had 20 spell levels left.
You didn't know any spells.
Your spell library contained the following spells:

 Spells                   Type           Power      Damage    Failure   Level
 Apportation              Tloc           6%         N/A       24%         1
 Magic Dart               Conj           12%        1d3       24%         1
 Necrotise                Necr           12%        1d4       24%         1
 Shock                    Conj/Air       12%        1d3       24%         1
 Slow                     Hex            12%        N/A       24%         1
 Summon Small Mammal      Summ           12%        N/A       24%         1
 Ensorcelled Hibernation  Hex/Ice        6%         N/A       34%         2
 Passwall                 Tmut/Erth      2%         N/A       34%         2
 Poisonous Vapours        Pois/Air       6%         N/A       34%         2
 Searing Ray              Conj           6%         2d4       34%         2
 Call Canine Familiar     Summ           3%         N/A       56%         3
 Confusing Touch          Hex            3%         N/A       56%         3
 Hailstorm                Conj/Ice       3%         3d3       56%         3
 Mephitic Cloud           Conj/Pois/Air  3%         N/A       56%         3
 Sigil of Binding         Hex            3%         N/A       56%         3
 Swiftness                Air            3%         N/A       56%         3
 Vampiric Draining        Necr           3%         2d6       56%         3
 Airstrike                Air            1%         2d(1-17)  93%         4
 Dimensional Bullseye     Hex/Tloc       1%         N/A       93%         4
 Fulminant Prism          Conj/Hex       1%         3d5       93%         4
 Leda's Liquefaction      Hex/Erth       1%         N/A       93%         4
 Summon Ice Beast         Ice/Summ       3%         N/A       93%         4
 Freezing Cloud           Conj/Ice/Air   1%         6-21      100%        5
 Conjure Ball Lightning   Conj/Air       1%         3x3d6     100%        6
 Simulacrum               Ice/Necr       1%         N/A       100%        6
 Discord                  Hex            1%         N/A       100%        8
 Disjunction              Tloc           1%         N/A       100%        8


Dungeon Overview and Level Annotations

Branches:
Dungeon (11/15)            Temple (1/1) D:5         Gauntlet (1/1)
   Lair: D:8-11         Orc: D:9-12

Altars:
Ashenzari
Cheibriados
Elyvilon
Fedhas
Gozag
Hepliaklqana
Kikubaaqudgha
Makhleb
Nemelex Xobeh
Qazlal
Ru
Sif Muna
Trog
Uskayaw
Vehumet
Xom
Yredelemnul
Zin
The Shining One

Annotations:
Gauntlet 8 transporters, 1 runed translucent door


Innate Abilities, Weirdness & Mutations

You are a hulking beast.
Your limbs bulge with bestial killing power. (Slay +4)
Your life essence is reduced to manifest your ancestor. (-10% HP)
You cannot wear most types of armour.
You are amphibious.
You can wear up to eight rings at the same time.
Your skin changes colour to match your surroundings (Stealth+).
Your rubbery body absorbs attacks. (AC +1, EV +1)
((You are camouflaged when in or above water. (Stealth+)))
You have tentacles for arms and can constrict up to eight enemies at once.


Message History

The minotaur struggles to escape constriction.
You tentacle-slap the minotaur but do no damage.
The minotaur is severely wounded.
You constrict the minotaur.
You tentacle-slap the minotaur but do no damage.
You tentacle-slap the minotaur, but do no damage.
The minotaur is severely wounded.
You constrict the minotaur, but do no damage.
The minotaur misses you. You block the minotaur's attack.
You tentacle-slap the minotaur but do no damage.
You squeeze the minotaur, but do no damage.
The minotaur is severely wounded.
You constrict the minotaur, but do no damage.
The minotaur hits you with a +2 scimitar of holy wrath.
You block the minotaur's attack.
You tentacle-slap the minotaur but do no damage.
The minotaur is severely wounded.
You constrict the minotaur, but do no damage.
You tentacle-slap the minotaur but do no damage.
You squeeze the minotaur, but do no damage.
The minotaur is severely wounded.
You constrict the minotaur, but do no damage.
The minotaur misses you. The minotaur gores you!
* * * LOW HITPOINT WARNING * * *
You bludgeon the minotaur!
You squeeze the minotaur, but do no damage.
The minotaur is almost dead.
You constrict the minotaur, but do no damage.
You tentacle-slap the minotaur but do no damage.
You squeeze the minotaur.
The minotaur is almost dead.
You constrict the minotaur. The minotaur closely misses you.
The minotaur gores you!
* * * LOW HITPOINT WARNING * * *
You tentacle-slap the minotaur.
You squeeze the minotaur, but do no damage.
The minotaur is almost dead.
You constrict the minotaur, but do no damage.
The minotaur hits you with a +2 scimitar of holy wrath!
You die...

##+### #.⌠..#
#...⌠+ +⌠...#
#..∩.# ##.###
#######h#######
#.......H.....#
#.###.###.###.#
#.......R.....#
###.###.###.###
#####.###.###.#####
.................
#.♣.♣.©.©.©.©.♣.♣.#
.................


You could see a minotaur (unable to see you).

Vanquished Creatures
  2 lindwurms (D:9)
  An elephant (Gauntlet)
  A troll (D:11)
  Prince Ribbit (D:8)
  Sigmund (D:2)
  A shadow (Gauntlet)
  A wyvern (D:8)
  A steam dragon (D:4)
  3 water moccasins (D:7)
  Duvessa (D:5)
  3 ice beasts
  2 ogres
  A black bear (D:4)
  A centaur (D:9)
  2 kobold brigands (D:6)
  A bullfrog (D:7)
  A gnoll sergeant (D:5)
  3 scorpions
  Dowan (D:5)
  5 killer bees
  A wyvern simulacrum (Gauntlet)
  3 jellies
  3 orc priests
  2 iguanas
  An iron imp (D:3)
  A sleepcap (D:8)
  Jessica (D:2)
  Terence (D:3)
  6 orc wizards
  Robin (D:3)
  7 adders
  8 gnolls
  A white imp (D:7)
  A dart slug (D:4)
  27 orcs
  10 ball pythons
  8 endoplasms
  4 giant cockroaches
  5 hobgoblins
  3 jackals (D:4)
  5 quokkas
  7 bats
  A frilled lizard (D:3)
  20 goblins
  19 kobolds
  7 rats
186 creatures vanquished.

Vanquished Creatures (collateral kills)
  2 lindwurms (D:9)
  A manticore (D:9)
  Maggie (D:8)
  A wraith (D:11)
  A centaur simulacrum (Gauntlet)
  A shadow (Gauntlet)
  An acid dragon (D:8)
  A black bear (D:6)
  2 kobold brigands
  3 killer bees (D:8)
  2 orc priests
  An orc wizard (D:7)
  A boggart simulacrum (Gauntlet)
  4 orcs
  2 kobolds (D:8)
24 creatures vanquished.

Vanquished Creatures (others)
  A human (D:7)
  6 battlemagi
  An ancestor (D:7)
8 creatures vanquished.

Grand Total: 218 creatures vanquished

Notes
Turn   | Place    | Note
-------+----------+-------------------------------------------
     0 | D:1      | LeprechaunX the Octopode Shapeshifter began the quest for
                  | the Orb.
     0 | D:1      | Reached XP level 1. HP: 13/13 MP: 1/1
    10 | D:1      | Noticed a centaur
   141 | D:1      | Reached XP level 2. HP: 12/18 MP: 2/2
   480 | D:1      | Reached XP level 3. HP: 23/23 MP: 3/3
   652 | D:1      | Reached skill level 1 in Throwing
  1081 | D:2      | Noticed Sigmund
  1096 | D:2      | Noticed Jessica
  1510 | D:2      | Killed Jessica
  1511 | D:2      | Reached XP level 4. HP: 29/29 MP: 4/4
  1567 | D:2      | Killed Sigmund
  1568 | D:2      | Reached skill level 4 in Shapeshifting
  1568 | D:2      | Reached XP level 5. HP: 11/35 MP: 5/5
  1568 | D:2      | Reached XP level 6. HP: 13/41 MP: 6/6
  1768 | D:3      | Noticed Terence
  1779 | D:3      | Killed Terence
  2223 | D:3      | Noticed Robin
  2241 | D:3      | Killed Robin
  2416 | D:3      | Found a snail-covered altar of Cheibriados.
  2743 | D:4      | Found a radiant altar of Vehumet.
  2870 | D:4      | Noticed a black bear
  2877 | D:4      | Killed a black bear
  2878 | D:4      | Reached XP level 7. HP: 36/46 MP: 7/7
  3039 | D:4      | Noticed a steam dragon
  3054 | D:4      | Killed a steam dragon
  3055 | D:4      | Reached skill level 5 in Shapeshifting
  3566 | D:4      | Found a sparkling altar of Nemelex Xobeh.
  3573 | D:4      | Reached skill level 1 in Evocations
  3912 | D:5      | Entered Level 5 of the Dungeon
  4113 | D:5      | Reached skill level 1 in Spellcasting
  4113 | D:5      | Reached XP level 8. HP: 35/54 MP: 5/9
  4119 | D:5      | Reached skill level 5 in Unarmed Combat
  4205 | D:5      | Found a broken altar of Ashenzari.
  4352 | D:5      | Reached skill level 6 in Shapeshifting
  4659 | D:5      | Noticed Duvessa
  4659 | D:5      | Noticed Dowan
  4666 | D:5      | Killed Duvessa
  4680 | D:5      | Killed Dowan
  4853 | D:5      | Found a staircase to the Ecumenical Temple.
  4868 | Temple   | Entered the Ecumenical Temple
  4884 | Temple   | Became a worshipper of Hepliaklqana the Forgotten
  5070 | D:6      | Found a shimmering altar of Xom.
  5075 | D:6      | Found a white marble altar of Elyvilon.
  5079 | D:6      | Found a hide-covered altar of Uskayaw.
  5367 | D:6      | Reached * piety under Hepliaklqana
  5428 | D:6      | Reached XP level 9. HP: 48/53 MP: 10/12
  5459 | D:6      | Reached skill level 7 in Shapeshifting
  5499 | D:6      | Reached skill level 5 in Fighting
  6258 | D:7      | Reached skill level 1 in Shields
  6679 | D:7      | Found an ancient bone altar of Kikubaaqudgha.
  6767 | D:7      | Reached ** piety under Hepliaklqana
  6768 | D:7      | Remembered your ancestor Nomusa as a battlemage
  7012 | D:8      | Noticed Maggie
  7016 | D:8      | Found a stormy altar of Qazlal.
  7025 | D:8      | Killed Maggie
  7026 | D:8      | Reached skill level 8 in Shapeshifting
  7126 | D:8      | Reached XP level 10. HP: 51/61 MP: 11/15
  7511 | D:8      | Noticed Prince Ribbit
  7517 | D:8      | Killed Prince Ribbit
  7518 | D:8      | Reached skill level 5 in Evocations
  7627 | D:8      | Found an opulent altar of Gozag.
  7853 | D:9      | Noticed a manticore
  7860 | D:9      | Killed a manticore
  8002 | D:9      | Noticed a lindwurm
  8002 | D:9      | Noticed a lindwurm
  8003 | D:9      | Noticed a lindwurm
  8003 | D:9      | Noticed a lindwurm
  8218 | D:9      | Killed a lindwurm
  8246 | D:9      | Killed a lindwurm
  8247 | D:9      | Reached skill level 9 in Shapeshifting
  8296 | D:9      | Killed a lindwurm
  8322 | D:9      | Killed a lindwurm
  8404 | D:9      | Reached *** piety under Hepliaklqana
  8435 | D:9      | Reached skill level 5 in Spellcasting
  8469 | D:9      | You fall into a shaft and drop 2 floors!
  8573 | D:11     | Found a gate leading to a gauntlet.
  8587 | D:11     | Reached XP level 11. HP: 60/66 MP: 15/18
  8591 | Gauntlet | Entered a Gauntlet
  8591 | Gauntlet | Found a transporter.
  8613 | Gauntlet | Found a transporter.
  8613 | Gauntlet | Found a transporter.
  8624 | Gauntlet | Found a transporter.
  8627 | Gauntlet | Found a transporter.
  8629 | Gauntlet | Noticed an arcanist
  8632 | Gauntlet | Noticed an occultist
  8635 | Gauntlet | Found a transporter.
  8656 | Gauntlet | Found a transporter.
  8656 | Gauntlet | Noticed a dire elephant
  8657 | Gauntlet | Found a runed translucent door.
  8667 | Gauntlet | Found a transporter.
  8674 | Gauntlet | Noticed a catoblepas
  8679 | Gauntlet | Found a transporter.
  8690 | Gauntlet | Noticed a catoblepas
  8698 | Gauntlet | Found a transporter.
  8706 | Gauntlet | Noticed a sixfirhy
  8712 | Gauntlet | Found a transporter.
  8712 | Gauntlet | Found a transporter.
  8770 | Gauntlet | Found a runed translucent door.
  8773 | Gauntlet | Found a transporter.
  8777 | Gauntlet | Found a transporter.
  9118 | Gauntlet | Identified the ring "Qitupeni" {Drain rPois MP+9 Str-5
                  | Int+9}
  9253 | Gauntlet | Noticed a minotaur
  9279 | Gauntlet | Slain by a minotaur

Illustrated notes

Levels and vault maps discovered:
D:1:      evilmike_arrival_come_back, layout_loops_ring, minmay_door_square,
          chequers_serial_rivers_micro_c, kennysheep_doodads,
          serial_bayou_lagoon_a, minmay_octomino_j4
D:2:      layout_rooms, uniq_sigmund, uniq_jessica
D:3:      layout_loops_corners, slow_altar_2, uniq_terence, uniq_robin
D:4:      layout_loops_corners, kennysheep_mini_moat, nicolae_vehumet_radiance,
          nicolae_elevator_lobby_plus
D:5:      layout_basic, evilmike_ruin_ashenzari,
          minmay_temple_entry_stoned_glass, uniq_duvessa
D:6:      layout_loops_ring, grunt_temple_overflow_open,
          kennysheep_generic_room_7
D:7:      layout_loops_cross, tgw_kikubaaqudgha, serial_co_window_serial,
          co_window_paths_b, co_window_paths_b, co_window_paths_b,
          co_window_paths_b, co_window_paths_b, co_window_corner_ca,
          co_window_broadway_a, co_window_of_opportunity_b, co_window_corner_cb,
          co_window_2corner, glass_columns_c, glass_columns_a, glass_columns_c
D:8:      layout_cave_pools, grunt_gozag_statues, grunt_qazlal_clouds,
          uniq_maggie, uniq_prince_ribbit1
D:9:      kennysheep_six_static_rooms, layout_irregular_city,
          minmay_lindwurm_lava
D:11:     layout_loops_cross, lair_entry_dummy, orc_0_dummy,
          portal_ice_cave_entry_pillars_1, gauntlet_entry_generic
Temple:   grunt_temple_mini_profane
Gauntlet: minmay_gauntlet_77_tree [minmay_gauntlet_arena_77_double_cross,
          minmay_gauntlet_arena_77_two_lines,
          minmay_gauntlet_arena_77_terracotta_army,
          minmay_gauntlet_arena_77_mess, minmay_gauntlet_arena_77_p_blocks,
          minmay_gauntlet_arena_77_cramped,
          minmay_gauntlet_arena_77_tiled_triplets, gauntlet_exit_hidden_loot]

Skill      XL: |  1  2  3  4  5  6  7  8  9 10 11 |
---------------+----------------------------------+-----
Throwing       | 1 2 3 |  3.0
Fighting       | 2 3 4 5 6 7 |  7.1
Shapeshifting  | 4 5 6 8 9 |  9.7
Unarmed Combat | 4 5 6 |  6.0
Evocations     | 1 3 4 6 |  6.4
Spellcasting   | 1 2 3 5 |  5.3
Shields        | 2 4 |  4.6
Dodging        | |  2.0

Action                     |  1- 3 |  4- 6 |  7- 9 | 10-12 || total
---------------------------+-------+-------+-------+-------++-------
  Melee: Unarmed           |    70 |    72 |   223 |    89 ||   454
         Constrict         |    15 |    19 |    56 |     9 ||    99
         Tentacles         |    14 |    15 |    54 |    26 ||   109
         Punch             |       |     7 |    15 |     8 ||    30
   Fire: Sling             |       |       |     3 |   115 ||   118
  Throw: Boomerang         |       |     1 |    20 |    12 ||    33
         Dart              |       |       |     7 |     2 ||     9
 Invoke: Ancestor Life: Ba |       |       |     1 |       ||     1
         Recall Ancestor   |       |       |       |     2 ||     2
    Use: Potion            |       |     1 |       |     2 ||     3
         Scroll            |       |       |       |    10 ||    10
   Stab: Sleeping          |     7 |     4 |    11 |     1 ||    23
         Distracted        |       |       |       |     3 ||     3
         Invisible         |       |       |       |     2 ||     2
 Armour: Skin              |    28 |    22 |    76 |    61 ||   187
  Dodge: Dodged            |    70 |    43 |   174 |    64 ||   351
  Block: Buckler           |       |       |    18 |    24 ||    42

Table legend: (Time is in decaauts)
 A = Elapsed time spent in this place.
 B = Non-inter-level travel time spent in this place.
 C = Inter-level travel time spent in this place.
 D = Time resting spent in this place.
 E = Time spent auto-exploring this place.
 F = Levels seen in this place.
 G = Mean time per level.
                   A        B        C        D        E       F      G
               +--------+--------+--------+--------+--------+-----+--------+
         Total |   9290 |   8963 |    327 |    898 |   6276 |  12 |  774.2 |
       Dungeon |   8582 |   8283 |    299 |    656 |   6066 |  10 |  858.2 |
        Temple |     30 |      2 |     28 |      0 |      0 |   1 |   30.0 |
      Gauntlet |    677 |    677 |      0 |    242 |    210 |   1 |  677.0 |
               +--------+--------+--------+--------+--------+-----+--------+

Top non-repeatable levels by time:
     D:4: 1492 daAuts
     D:7: 1207 daAuts
     D:1: 1074 daAuts
     D:8: 870 daAuts
     D:3: 848 daAuts
     D:5: 824 daAuts
     D:6: 807 daAuts
Gauntlet: 677 daAuts
     D:2: 672 daAuts
     D:9: 663 daAuts
    D:11: 121 daAuts
  Temple: 30 daAuts
